2680 views
Uploaded 2020-02-16 17:08:33
Game version 1.32 / 1.32.1
28:01 long 4on4 ladder game on (8)Deadlock_LV
Saved by BEARAND
2680 views
Uploaded 2020-02-16 17:08:33
Game version 1.32 / 1.32.1
28:01 long 4on4 ladder game on (8)Deadlock_LV


120 units @ 11.2k
/ 1.1k
245 buildings @ 16k
/ 8.2k


| Lesser Clarity Potion | 7 | 490 |
| Healing Salve | 4 | 400 |
| Orb of Lightning | 2 | 750 |
| Potion of Healing | 1 | 150 |
| Tiny Great Hall | 1 | 600 |
| Staff of Teleportation | 2 | 300 |
| Boots of Speed | 2 | 500 |
| Orb of Venom | 1 | 325 |
| Staff of Sanctuary | 1 | 250 |
| Replenishment Potion | 1 | 150 |
| Boots of Quel'Thalas +6 | 1 | 400 |
| total: | 23 | 4315g |
| Peon | 13 | 975 | / | 0 |
| Troll Batrider | 23 | 3680 | / | 920 |
| Demolisher | 1 | 220 | / | 50 |
| total: | 37 | 4875g | / | 970w |
| Watch Tower | 16 | 1760 | / | 1280 |
| Altar of Storms | 1 | 180 | / | 50 |
| Orc Burrow | 4 | 640 | / | 160 |
| Voodoo Lounge | 4 | 520 | / | 120 |
| War Mill | 1 | 205 | / | 0 |
| Barracks | 2 | 360 | / | 100 |
| Beastiary | 2 | 290 | / | 280 |
| Stronghold | 1 | 315 | / | 190 |
| Fortress | 1 | 325 | / | 190 |
| total: | 30 | 3955g | / | 1990w |
| 0:03 | Peon |
| 0:03 | Peon |
| 0:09 | Altar of Storms |
| 0:11 | Orc Burrow |
| 0:13 | Peon |
| 0:42 | Peon |
| 0:57 | Voodoo Lounge |
| 0:59 | Peon |
| 1:15 | War Mill |
| 1:17 | Peon |
| 1:25 | Peon |
| 1:35 | Peon |
| 1:46 | Peon |
| 2:07 | Wind Walk |
| 2:09 | Lesser Clarity Potion |
| 2:09 | Lesser Clarity Potion |
| 2:10 | Healing Salve |
| 2:10 | Healing Salve |
| 2:17 | Peon |
| 2:45 | Stronghold |
| 2:49 | Watch Tower |
| 2:53 | Voodoo Lounge |
| 3:21 | Voodoo Lounge |
| 3:42 | Watch Tower |
| 3:43 | Watch Tower |
| 3:43 | Watch Tower |
| 3:46 | Watch Tower |
| 3:49 | Orc Burrow |
| 4:00 | Staff of Teleportation |
| 4:29 | Voodoo Lounge |
| 4:56 | Critical Strike |
| 5:01 | Watch Tower |
| 5:04 | Watch Tower |
| 5:19 | Boots of Speed |
| 5:24 | Fortress |
| 6:34 | Beastiary |
| 6:37 | Beastiary |
| 6:42 | Orc Burrow |
| 6:44 | Reinforced Defenses |
| 6:51 | Orc Burrow |
| 7:30 | Watch Tower |
| 7:33 | Watch Tower |
| 7:36 | Watch Tower |
| 7:45 | Lesser Clarity Potion |
| 7:47 | Orb of Lightning |
| 8:22 | Troll Batrider |
| 8:36 | Troll Batrider |
| 8:54 | Troll Batrider |
| 9:45 | Wind Walk |
| 9:46 | Wind Walk |
| 9:46 | Wind Walk |
| 9:47 | Wind Walk |
| 9:52 | Troll Batrider |
| 10:02 | Replenishment Potion |
| 10:18 | Troll Batrider |
| 10:43 | Liquid Fire |
| 10:44 | Envenomed Spears |
| 10:54 | Troll Batrider |
| 11:24 | Troll Batrider |
| 11:35 | Boots of Quel'Thalas +6 |
| 11:40 | Troll Batrider |
| 11:46 | Hex |
| 12:41 | Lesser Clarity Potion |
| 13:01 | Orb of Lightning |
| 13:31 | Lesser Clarity Potion |
| 13:39 | Watch Tower |
| 13:42 | Watch Tower |
| 13:43 | Watch Tower |
| 13:45 | Watch Tower |
| 14:03 | Troll Batrider |
| 14:42 | Troll Batrider |
| 14:50 | Lesser Clarity Potion |
| 14:52 | Healing Salve |
| 15:12 | Troll Batrider |
| 15:38 | Troll Batrider |
| 15:54 | Healing Salve |
| 16:17 | Watch Tower |
| 16:17 | Watch Tower |
| 17:09 | Critical Strike |
| 17:15 | Troll Batrider |
| 17:16 | Troll Batrider |
| 18:20 | Troll Batrider |
| 18:45 | Troll Batrider |
| 20:00 | Staff of Teleportation |
| 20:00 | Boots of Speed |
| 20:13 | Orb of Venom |
| 20:50 | Potion of Healing |
| 21:22 | Troll Batrider |
| 22:46 | Troll Batrider |
| 22:46 | Troll Batrider |
| 23:12 | Wind Walk |
| 23:18 | Troll Batrider |
| 23:58 | Lesser Clarity Potion |
| 24:02 | Tiny Great Hall |
| 24:45 | Barracks |
| 24:46 | Barracks |
| 25:18 | Troll Batrider |
| 25:34 | Staff of Sanctuary |
| 26:07 | Troll Batrider |
| 26:07 | Troll Batrider |
| 26:10 | Demolisher |
| 27:15 | Healing Wave |
| 27:45 | Peon |
| 27:45 | Peon |
| 27:45 | Peon |
| Right click | 1404 |
| Select group | 472 |
| Select | 255 |
| Build/train/purchase | 133 |
| Use ability | 68 |
| Misc. action | 64 |
| Assign group | 47 |
| Resource trade | 17 |
| Item give/drop | 8 |
| Minimap ping | 2 |
| Remove unit | 1 |
| Esc | 1 |



| Staff of Sanctuary | 3 | 750 |
| Scroll of Town Portal | 1 | 350 |
| Boots of Speed | 3 | 750 |
| Staff of Teleportation | 3 | 450 |
| Healing Salve | 2 | 200 |
| Orb of Lightning | 2 | 750 |
| Amulet of Spell Shield | 1 | 600 |
| Robe of the Magi +6 | 1 | 400 |
| Sobi Mask | 1 | 400 |
| Belt of Giant Strength +6 | 1 | 400 |
| total: | 18 | 5050g |
| Peasant | 14 | 1050 | / | 0 |
| Priest | 2 | 270 | / | 20 |
| Dragonhawk Rider | 4 | 800 | / | 120 |
| total: | 20 | 2120g | / | 140w |
| Scout Tower | 97 | 2910 | / | 1940 |
| Arcane Tower | 17 | 1190 | / | 850 |
| Guard Tower | 52 | 3640 | / | 2600 |
| Altar of Kings | 1 | 180 | / | 50 |
| Farm | 6 | 480 | / | 120 |
| Lumber Mill | 1 | 120 | / | 0 |
| Arcane Vault | 1 | 130 | / | 30 |
| Blacksmith | 1 | 140 | / | 60 |
| Barracks | 1 | 160 | / | 60 |
| Arcane Sanctum | 1 | 150 | / | 140 |
| Gryphon Aviary | 1 | 140 | / | 150 |
| Keep | 2 | 640 | / | 420 |
| Castle | 1 | 360 | / | 210 |
| total: | 110 | 4410g | / | 2550w |
| 0:02 | Peasant |
| 0:02 | Peasant |
| 0:09 | Altar of Kings |
| 0:12 | Peasant |
| 0:19 | Farm |
| 0:29 | Peasant |
| 0:33 | Scout Tower |
| 0:39 | Peasant |
| 0:41 | Farm |
| 0:53 | Peasant |
| 1:03 | Lumber Mill |
| 1:15 | Scout Tower |
| 1:15 | Peasant |
| 1:16 | Peasant |
| 1:26 | Peasant |
| 1:29 | Scout Tower |
| 1:39 | Peasant |
| 1:45 | Arcane Tower |
| 1:53 | Scout Tower |
| 1:56 | Peasant |
| 2:07 | Scout Tower |
| 2:08 | Blizzard |
| 2:11 | Guard Tower |
| 2:16 | Scout Tower |
| 2:21 | Arcane Tower |
| 2:22 | Scout Tower |
| 2:23 | Scout Tower |
| 2:28 | Peasant |
| 2:30 | Scout Tower |
| 2:30 | Scout Tower |
| 2:38 | Guard Tower |
| 2:54 | Guard Tower |
| 2:54 | Guard Tower |
| 2:56 | Scout Tower |
| 2:57 | Scout Tower |
| 2:59 | Scout Tower |
| 3:22 | Guard Tower |
| 3:23 | Scout Tower |
| 3:24 | Scout Tower |
| 3:25 | Guard Tower |
| 3:26 | Peasant |
| 3:26 | Peasant |
| 3:31 | Guard Tower |
| 3:45 | Improved Masonry |
| 3:57 | Keep |
| 3:58 | Guard Tower |
| 4:07 | Healing Salve |
| 4:20 | Guard Tower |
| 4:23 | Scout Tower |
| 4:24 | Scout Tower |
| 4:24 | Scout Tower |
| 4:25 | Scout Tower |
| 4:26 | Scout Tower |
| 4:26 | Scout Tower |
| 4:29 | Guard Tower |
| 4:30 | Farm |
| 4:30 | Farm |
| 4:36 | Brilliance Aura |
| 4:46 | Scout Tower |
| 4:46 | Scout Tower |
| 4:47 | Scout Tower |
| 5:01 | Guard Tower |
| 5:03 | Scout Tower |
| 5:03 | Scout Tower |
| 5:04 | Scout Tower |
| 5:04 | Scout Tower |
| 5:13 | Boots of Speed |
| 5:19 | Guard Tower |
| 5:29 | Guard Tower |
| 5:29 | Guard Tower |
| 5:45 | Guard Tower |
| 6:35 | Guard Tower |
| 6:36 | Guard Tower |
| 6:52 | Staff of Teleportation |
| 6:59 | Guard Tower |
| 7:02 | Scout Tower |
| 7:09 | Guard Tower |
| 7:11 | Scout Tower |
| 7:15 | Advanced Masonry |
| 7:34 | Scout Tower |
| 7:34 | Scout Tower |
| 7:39 | Guard Tower |
| 7:52 | Storm Bolt |
| 8:10 | Guard Tower |
| 8:29 | Guard Tower |
| 8:30 | Guard Tower |
| 8:31 | Castle |
| 8:34 | Arcane Sanctum |
| 8:39 | Guard Tower |
| 8:41 | Scout Tower |
| 8:41 | Scout Tower |
| 8:59 | Scout Tower |
| 8:59 | Scout Tower |
| 9:11 | Healing Salve |
| 9:13 | Orb of Lightning |
| 9:18 | Guard Tower |
| 9:20 | Scout Tower |
| 9:20 | Scout Tower |
| 9:45 | Boots of Speed |
| 10:02 | Magic Sentry |
| 10:05 | Arcane Tower |
| 10:25 | Scout Tower |
| 10:26 | Scout Tower |
| 10:46 | Arcane Vault |
| 10:48 | Arcane Tower |
| 10:50 | Arcane Tower |
| 10:51 | Guard Tower |
| 10:52 | Scout Tower |
| 10:53 | Scout Tower |
| 11:14 | Arcane Tower |
| 11:20 | Scout Tower |
| 11:26 | Guard Tower |
| 11:40 | Scout Tower |
| 11:41 | Scout Tower |
| 11:46 | Arcane Tower |
| 11:47 | Arcane Tower |
| 11:49 | Scout Tower |
| 11:50 | Scout Tower |
| 11:51 | Scout Tower |
| 11:51 | Scout Tower |
| 11:58 | Imbued Masonry |
| 12:07 | Holy Light |
| 12:37 | Staff of Sanctuary |
| 12:41 | Arcane Tower |
| 12:41 | Arcane Tower |
| 13:09 | Staff of Teleportation |
| 13:21 | Boots of Speed |
| 13:30 | Arcane Tower |
| 13:32 | Arcane Tower |
| 13:33 | Arcane Tower |
| 13:33 | Guard Tower |
| 13:54 | Arcane Tower |
| 13:55 | Guard Tower |
| 13:55 | Guard Tower |
| 14:08 | Staff of Teleportation |
| 14:12 | Scout Tower |
| 14:13 | Scout Tower |
| 14:13 | Scout Tower |
| 14:14 | Scout Tower |
| 14:15 | Scout Tower |
| 14:28 | Amulet of Spell Shield |
| 14:59 | Robe of the Magi +6 |
| 15:37 | Blizzard |
| 16:08 | Staff of Sanctuary |
| 16:27 | Gryphon Aviary |
| 16:28 | Blacksmith |
| 16:29 | Farm |
| 16:29 | Farm |
| 16:31 | Barracks |
| 16:35 | Scout Tower |
| 16:36 | Scout Tower |
| 16:36 | Scout Tower |
| 16:37 | Scout Tower |
| 16:44 | Arcane Tower |
| 16:45 | Guard Tower |
| 17:14 | Bash |
| 17:24 | Guard Tower |
| 17:26 | Guard Tower |
| 17:29 | Scroll of Town Portal |
| 18:03 | Scout Tower |
| 18:04 | Scout Tower |
| 18:05 | Scout Tower |
| 18:05 | Scout Tower |
| 18:06 | Scout Tower |
| 18:07 | Scout Tower |
| 18:11 | Staff of Sanctuary |
| 18:14 | Guard Tower |
| 18:43 | Guard Tower |
| 18:54 | Scout Tower |
| 18:55 | Scout Tower |
| 18:55 | Scout Tower |
| 18:56 | Scout Tower |
| 18:56 | Scout Tower |
| 18:57 | Scout Tower |
| 19:03 | Priest |
| 19:28 | Orb of Lightning |
| 19:46 | Scout Tower |
| 19:46 | Scout Tower |
| 19:47 | Scout Tower |
| 19:48 | Scout Tower |
| 19:48 | Guard Tower |
| 20:20 | Animal War Training |
| 20:21 | Dragonhawk Rider |
| 20:21 | Dragonhawk Rider |
| 20:57 | Scout Tower |
| 20:57 | Scout Tower |
| 20:58 | Scout Tower |
| 20:58 | Scout Tower |
| 21:42 | Dragonhawk Rider |
| 21:43 | Dragonhawk Rider |
| 22:46 | Divine Shield |
| 23:15 | Arcane Tower |
| 23:16 | Scout Tower |
| 23:16 | Scout Tower |
| 23:17 | Scout Tower |
| 23:17 | Scout Tower |
| 23:17 | Scout Tower |
| 23:28 | Cloud |
| 23:29 | Studded Leather Armor |
| 23:29 | Iron Forged Swords |
| 24:07 | Sobi Mask |
| 24:09 | Belt of Giant Strength +6 |
| 24:26 | Scout Tower |
| 24:27 | Scout Tower |
| 24:27 | Scout Tower |
| 24:28 | Scout Tower |
| 24:57 | Guard Tower |
| 25:00 | Scout Tower |
| 25:01 | Scout Tower |
| 25:02 | Scout Tower |
| 25:02 | Scout Tower |
| 25:03 | Scout Tower |
| 25:05 | Scout Tower |
| 25:06 | Scout Tower |
| 25:07 | Scout Tower |
| 25:07 | Scout Tower |
| 25:08 | Scout Tower |
| 25:44 | Guard Tower |
| 26:10 | Guard Tower |
| 26:14 | Guard Tower |
| 26:58 | Priest |
| Right click | 2537 |
| Select | 884 |
| Select group | 469 |
| Build/train/purchase | 163 |
| Use ability | 120 |
| Chat | 60 |
| Assign group | 16 |
| Misc. action | 10 |
| Minimap ping | 7 |
| Item give/drop | 6 |



| Staff of Sanctuary | 2 | 500 |
| Staff of Teleportation | 3 | 450 |
| Boots of Speed | 3 | 750 |
| Orb of Lightning | 2 | 750 |
| Staff of Silence | 1 | 600 |
| Khadgar's Gem of Health | 1 | 600 |
| Sobi Mask | 1 | 400 |
| Belt of Giant Strength +6 | 1 | 400 |
| total: | 14 | 4450g |
| Peasant | 27 | 2025 | / | 0 |
| total: | 27 | 2025g | / | 0w |
| Scout Tower | 78 | 2340 | / | 1560 |
| Guard Tower | 35 | 2450 | / | 1750 |
| Arcane Tower | 6 | 420 | / | 300 |
| Altar of Kings | 2 | 360 | / | 100 |
| Farm | 3 | 240 | / | 60 |
| Lumber Mill | 1 | 120 | / | 0 |
| Arcane Vault | 1 | 130 | / | 30 |
| Town Hall | 1 | 385 | / | 205 |
| Arcane Sanctum | 2 | 300 | / | 280 |
| Keep | 2 | 640 | / | 420 |
| Castle | 1 | 360 | / | 210 |
| total: | 88 | 3875g | / | 2235w |
| 0:01 | Peasant |
| 0:08 | Altar of Kings |
| 0:09 | Peasant |
| 0:17 | Farm |
| 0:24 | Peasant |
| 0:34 | Lumber Mill |
| 0:42 | Peasant |
| 0:45 | Peasant |
| 1:07 | Peasant |
| 1:10 | Farm |
| 1:25 | Scout Tower |
| 1:34 | Scout Tower |
| 1:37 | Peasant |
| 1:40 | Peasant |
| 1:50 | Improved Masonry |
| 1:53 | Guard Tower |
| 1:58 | Peasant |
| 2:08 | Guard Tower |
| 2:10 | Blizzard |
| 2:19 | Peasant |
| 2:28 | Arcane Vault |
| 2:32 | Scout Tower |
| 2:35 | Peasant |
| 2:37 | Scout Tower |
| 2:38 | Scout Tower |
| 2:46 | Peasant |
| 2:54 | Peasant |
| 3:28 | Brilliance Aura |
| 3:37 | Guard Tower |
| 3:50 | Scout Tower |
| 3:51 | Scout Tower |
| 4:12 | Scout Tower |
| 4:13 | Scout Tower |
| 4:26 | Guard Tower |
| 4:32 | Town Hall |
| 4:36 | Scout Tower |
| 4:37 | Scout Tower |
| 4:38 | Peasant |
| 4:39 | Peasant |
| 4:45 | Staff of Teleportation |
| 4:47 | Guard Tower |
| 4:50 | Guard Tower |
| 5:08 | Farm |
| 5:36 | Guard Tower |
| 5:38 | Guard Tower |
| 5:54 | Peasant |
| 5:54 | Peasant |
| 5:56 | Peasant |
| 6:00 | Scout Tower |
| 6:01 | Scout Tower |
| 6:44 | Keep |
| 6:46 | Guard Tower |
| 6:48 | Scout Tower |
| 6:55 | Guard Tower |
| 7:02 | Scout Tower |
| 7:03 | Scout Tower |
| 7:03 | Scout Tower |
| 7:04 | Scout Tower |
| 7:05 | Scout Tower |
| 7:07 | Scout Tower |
| 7:07 | Scout Tower |
| 7:08 | Scout Tower |
| 7:09 | Scout Tower |
| 7:10 | Scout Tower |
| 7:20 | Scout Tower |
| 7:21 | Scout Tower |
| 7:22 | Guard Tower |
| 7:30 | Guard Tower |
| 7:33 | Guard Tower |
| 8:07 | Guard Tower |
| 8:11 | Guard Tower |
| 8:15 | Guard Tower |
| 8:17 | Scout Tower |
| 8:18 | Scout Tower |
| 8:32 | Boots of Speed |
| 9:12 | Castle |
| 9:14 | Guard Tower |
| 9:22 | Guard Tower |
| 9:26 | Scout Tower |
| 9:28 | Scout Tower |
| 9:52 | Blizzard |
| 10:17 | Guard Tower |
| 10:21 | Scout Tower |
| 10:22 | Scout Tower |
| 10:23 | Scout Tower |
| 10:46 | Scout Tower |
| 10:46 | Scout Tower |
| 10:47 | Scout Tower |
| 10:47 | Scout Tower |
| 10:48 | Advanced Masonry |
| 10:49 | Scout Tower |
| 10:50 | Scout Tower |
| 10:51 | Scout Tower |
| 10:51 | Scout Tower |
| 10:53 | Scout Tower |
| 10:54 | Scout Tower |
| 10:54 | Scout Tower |
| 10:56 | Arcane Tower |
| 10:57 | Arcane Tower |
| 10:59 | Scout Tower |
| 11:01 | Storm Bolt |
| 11:16 | Arcane Tower |
| 11:17 | Arcane Tower |
| 11:49 | Guard Tower |
| 11:51 | Peasant |
| 11:58 | Guard Tower |
| 12:06 | Staff of Teleportation |
| 12:06 | Boots of Speed |
| 12:12 | Guard Tower |
| 12:14 | Peasant |
| 12:14 | Peasant |
| 12:38 | Guard Tower |
| 12:50 | Holy Light |
| 13:34 | Scout Tower |
| 13:35 | Scout Tower |
| 13:56 | Orb of Lightning |
| 14:06 | Scout Tower |
| 14:07 | Peasant |
| 14:08 | Imbued Masonry |
| 14:08 | Improved Lumber Harvesting |
| 14:21 | Peasant |
| 14:26 | Staff of Silence |
| 14:33 | Khadgar's Gem of Health |
| 14:36 | Sobi Mask |
| 14:46 | Scout Tower |
| 14:47 | Scout Tower |
| 14:47 | Scout Tower |
| 14:48 | Scout Tower |
| 14:48 | Scout Tower |
| 14:49 | Scout Tower |
| 14:49 | Scout Tower |
| 14:50 | Scout Tower |
| 15:21 | Guard Tower |
| 15:23 | Scout Tower |
| 15:24 | Scout Tower |
| 15:24 | Scout Tower |
| 15:24 | Scout Tower |
| 15:25 | Scout Tower |
| 15:26 | Scout Tower |
| 15:26 | Scout Tower |
| 15:27 | Scout Tower |
| 15:28 | Scout Tower |
| 15:38 | Staff of Sanctuary |
| 15:53 | Scout Tower |
| 15:54 | Scout Tower |
| 15:54 | Scout Tower |
| 15:55 | Scout Tower |
| 15:55 | Scout Tower |
| 16:28 | Guard Tower |
| 16:39 | Guard Tower |
| 16:46 | Orb of Lightning |
| 18:08 | Guard Tower |
| 18:12 | Scout Tower |
| 18:12 | Scout Tower |
| 18:23 | Staff of Sanctuary |
| 18:25 | Guard Tower |
| 18:43 | Belt of Giant Strength +6 |
| 18:55 | Guard Tower |
| 18:56 | Scout Tower |
| 18:57 | Scout Tower |
| 18:57 | Scout Tower |
| 18:58 | Scout Tower |
| 18:58 | Scout Tower |
| 19:21 | Peasant |
| 19:45 | Arcane Tower |
| 19:46 | Arcane Tower |
| 20:02 | Guard Tower |
| 20:06 | Scout Tower |
| 21:10 | Arcane Sanctum |
| 21:21 | Peasant |
| 22:05 | Altar of Kings |
| 22:09 | Peasant |
| 22:09 | Peasant |
| 22:44 | Divine Shield |
| 23:15 | Holy Light |
| 23:15 | Divine Shield |
| 24:28 | Arcane Sanctum |
| 24:45 | Staff of Teleportation |
| 24:46 | Boots of Speed |
| 26:16 | Magic Sentry |
| 26:18 | Advanced Lumber Harvesting |
| 27:03 | Bash |
| Right click | 1465 |
| Select | 805 |
| Select group | 475 |
| Build/train/purchase | 125 |
| Assign group | 91 |
| Use ability | 75 |
| Resource trade | 32 |
| Minimap ping | 17 |
| Misc. action | 10 |
| Chat | 4 |
| Item give/drop | 1 |
| Remove unit | 1 |



| Lesser Clarity Potion | 3 | 210 |
| Orb of Venom | 1 | 325 |
| Staff of Preservation | 3 | 450 |
| Potion of Mana | 1 | 200 |
| Dust of Appearance | 1 | 75 |
| Circlet of Nobility | 1 | 175 |
| Boots of Speed | 3 | 750 |
| Potion of Invisibility | 1 | 100 |
| Staff of Teleportation | 3 | 450 |
| Healing Salve | 3 | 300 |
| Claws of Attack +9 | 1 | 300 |
| Amulet of Spell Shield | 1 | 600 |
| Talisman of Evasion | 1 | 300 |
| Runed Bracers | 1 | 400 |
| Khadgar's Gem of Health | 1 | 600 |
| Boots of Quel'Thalas +6 | 1 | 400 |
| Pendant of Mana | 1 | 600 |
| total: | 27 | 6235g |
| Wisp | 36 | 2160 | / | 0 |
| total: | 36 | 2160g | / | 0w |
| Altar of Elders | 1 | 180 | / | 50 |
| Moon Well | 9 | 1620 | / | 360 |
| Tree of Life | 5 | 1700 | / | 925 |
| Hunter's Hall | 1 | 210 | / | 100 |
| Ancient of Wonders | 1 | 90 | / | 30 |
| Tree of Ages | 1 | 320 | / | 180 |
| Tree of Eternity | 2 | 660 | / | 400 |
| total: | 17 | 3800g | / | 1465w |
| 0:01 | Wisp |
| 0:04 | Altar of Elders |
| 0:07 | Wisp |
| 0:17 | Moon Well |
| 0:19 | Wisp |
| 0:28 | Wisp |
| 0:42 | Wisp |
| 0:46 | Wisp |
| 0:50 | Wisp |
| 0:58 | Wisp |
| 1:12 | Wisp |
| 1:25 | Moon Well |
| 1:38 | Wisp |
| 1:47 | Wisp |
| 2:07 | Force of Nature |
| 2:09 | Wisp |
| 2:21 | Wisp |
| 3:23 | Tree of Ages |
| 3:51 | Tree of Life |
| 4:39 | Entangling Roots |
| 5:27 | Tree of Life |
| 5:33 | Circlet of Nobility |
| 5:45 | Wisp |
| 5:45 | Wisp |
| 5:45 | Wisp |
| 6:05 | Wisp |
| 6:05 | Wisp |
| 6:05 | Wisp |
| 6:05 | Wisp |
| 6:47 | Wisp |
| 6:47 | Wisp |
| 7:01 | Frost Arrows |
| 7:05 | Wisp |
| 7:05 | Wisp |
| 7:05 | Wisp |
| 8:03 | Wisp |
| 8:03 | Wisp |
| 8:05 | Moon Well |
| 8:08 | Tree of Eternity |
| 8:22 | Boots of Speed |
| 8:51 | Potion of Invisibility |
| 8:52 | Dust of Appearance |
| 8:58 | Staff of Teleportation |
| 9:06 | Wisp |
| 9:06 | Wisp |
| 9:07 | Wisp |
| 9:07 | Wisp |
| 9:20 | Moon Well |
| 9:31 | Hunter's Hall |
| 9:37 | Wisp |
| 9:49 | Wisp |
| 9:52 | Ancient of Wonders |
| 10:04 | Wisp |
| 10:43 | Healing Salve |
| 10:45 | Lesser Clarity Potion |
| 10:57 | Well Spring |
| 11:46 | Lesser Clarity Potion |
| 12:12 | Searing Arrows |
| 12:21 | Moon Well |
| 12:22 | Moon Well |
| 13:00 | Wisp |
| 13:01 | Wisp |
| 14:08 | Boots of Speed |
| 14:57 | Moon Well |
| 15:03 | Boots of Speed |
| 15:14 | Staff of Teleportation |
| 15:35 | Orb of Venom |
| 15:36 | Staff of Preservation |
| 15:39 | Moon Well |
| 15:39 | Moon Well |
| 15:41 | Ultravision |
| 16:36 | Entangling Roots |
| 17:25 | Forked Lightning |
| 17:40 | Potion of Mana |
| 17:46 | Healing Salve |
| 17:59 | Staff of Teleportation |
| 18:35 | Nature's Blessing |
| 18:40 | Tree of Life |
| 18:54 | Claws of Attack +9 |
| 19:27 | Trueshot Aura |
| 21:05 | Staff of Preservation |
| 21:27 | Amulet of Spell Shield |
| 21:30 | Talisman of Evasion |
| 22:27 | Tree of Life |
| 23:25 | Healing Salve |
| 23:29 | Lesser Clarity Potion |
| 24:05 | Runed Bracers |
| 24:12 | Khadgar's Gem of Health |
| 24:19 | Boots of Quel'Thalas +6 |
| 24:21 | Pendant of Mana |
| 25:14 | Staff of Preservation |
| 26:37 | Thorns Aura |
| 26:39 | Frost Arrows |
| 26:40 | Searing Arrows |
| 27:56 | Tree of Life |
| Right click | 1845 |
| Select group | 1222 |
| Select | 426 |
| Assign group | 378 |
| Resource trade | 293 |
| Build/train/purchase | 115 |
| Use ability | 94 |
| Chat | 93 |
| Misc. action | 28 |
| Item give/drop | 7 |
| Minimap ping | 2 |
173 units @ 26.5k
/ 3.9k
96 buildings @ 15.4k
/ 6.2k


| Rod of Necromancy | 6 | 900 |
| Ritual Dagger | 2 | 250 |
| Potion of Healing | 2 | 300 |
| Orb of Corruption | 2 | 750 |
| Scroll of Town Portal | 5 | 1750 |
| Scroll of Healing | 1 | 250 |
| total: | 18 | 4200g |
| Acolyte | 16 | 1200 | / | 0 |
| Ghoul | 7 | 840 | / | 0 |
| Crypt Fiend | 10 | 2150 | / | 400 |
| Frost Wyrm | 10 | 3850 | / | 1200 |
| total: | 43 | 8040g | / | 1600w |
| Nerubian Tower | 7 | 700 | / | 140 |
| Spirit Tower | 8 | 1160 | / | 320 |
| Crypt | 1 | 200 | / | 50 |
| Graveyard | 2 | 430 | / | 0 |
| Altar of Darkness | 1 | 180 | / | 50 |
| Ziggurat | 23 | 3450 | / | 1150 |
| Tomb of Relics | 2 | 260 | / | 60 |
| Necropolis | 4 | 900 | / | 0 |
| Sacrificial Pit | 1 | 75 | / | 150 |
| Boneyard | 3 | 525 | / | 600 |
| Halls of the Dead | 1 | 320 | / | 210 |
| Black Citadel | 1 | 325 | / | 230 |
| total: | 37 | 6020g | / | 2060w |
| 0:02 | Acolyte |
| 0:07 | Crypt |
| 0:16 | Acolyte |
| 0:18 | Graveyard |
| 0:38 | Altar of Darkness |
| 0:40 | Ziggurat |
| 0:57 | Tomb of Relics |
| 1:08 | Ghoul |
| 1:18 | Ziggurat |
| 1:30 | Ghoul |
| 1:50 | Crypt Fiend |
| 1:50 | Crypt Fiend |
| 2:13 | Crypt Fiend |
| 2:38 | Rod of Necromancy |
| 2:46 | Death Coil |
| 2:48 | Crypt Fiend |
| 3:00 | Acolyte |
| 3:18 | Crypt Fiend |
| 3:49 | Unholy Aura |
| 4:19 | Halls of the Dead |
| 4:30 | Necropolis |
| 4:32 | Rod of Necromancy |
| 4:33 | Ritual Dagger |
| 5:12 | Death Coil |
| 5:16 | Ziggurat |
| 5:20 | Ziggurat |
| 5:21 | Ziggurat |
| 5:36 | Creature Attack |
| 5:43 | Ziggurat |
| 5:45 | Ziggurat |
| 6:15 | Crypt Fiend |
| 6:15 | Acolyte |
| 6:15 | Acolyte |
| 6:15 | Acolyte |
| 6:56 | Web |
| 7:02 | Ghoul |
| 7:08 | Acolyte |
| 7:30 | Ghoul |
| 7:31 | Ghoul |
| 8:12 | Scroll of Town Portal |
| 8:13 | Rod of Necromancy |
| 8:16 | Frost Nova |
| 8:22 | Black Citadel |
| 8:26 | Ghoul |
| 8:31 | Graveyard |
| 8:41 | Nerubian Tower |
| 8:45 | Acolyte |
| 9:08 | Crypt Fiend |
| 9:09 | Improved Creature Attack |
| 9:45 | Acolyte |
| 10:37 | Nerubian Tower |
| 10:38 | Spirit Tower |
| 10:40 | Spirit Tower |
| 10:45 | Necropolis |
| 11:05 | Sacrificial Pit |
| 11:06 | Advanced Creature Attack |
| 11:06 | Creature Carapace |
| 11:08 | Ghoul |
| 11:56 | Boneyard |
| 11:57 | Boneyard |
| 11:58 | Boneyard |
| 12:00 | Ziggurat |
| 12:01 | Ziggurat |
| 12:09 | Unholy Aura |
| 12:21 | Improved Creature Carapace |
| 12:28 | Ziggurat |
| 12:29 | Ziggurat |
| 12:30 | Ziggurat |
| 12:31 | Ziggurat |
| 12:31 | Ziggurat |
| 12:32 | Ziggurat |
| 12:33 | Ziggurat |
| 12:35 | Tomb of Relics |
| 12:37 | Ziggurat |
| 13:05 | Potion of Healing |
| 13:05 | Potion of Healing |
| 13:06 | Scroll of Town Portal |
| 13:10 | Orb of Corruption |
| 13:10 | Orb of Corruption |
| 13:23 | Spirit Tower |
| 13:28 | Nerubian Tower |
| 13:32 | Nerubian Tower |
| 13:49 | Scroll of Town Portal |
| 14:08 | Frost Wyrm |
| 14:26 | Acolyte |
| 14:35 | Frost Wyrm |
| 14:39 | Freezing Breath |
| 14:44 | Acolyte |
| 14:44 | Acolyte |
| 15:08 | Spirit Tower |
| 15:22 | Unholy Armor |
| 15:23 | Advanced Creature Carapace |
| 15:28 | Acolyte |
| 15:33 | Acolyte |
| 15:34 | Acolyte |
| 15:49 | Ziggurat |
| 15:52 | Ziggurat |
| 15:58 | Ziggurat |
| 16:25 | Dark Ritual |
| 16:29 | Frost Wyrm |
| 16:36 | Frost Wyrm |
| 17:22 | Spirit Tower |
| 17:36 | Frost Wyrm |
| 18:09 | Frost Wyrm |
| 18:40 | Frost Wyrm |
| 19:04 | Ziggurat |
| 19:06 | Ziggurat |
| 19:27 | Scroll of Town Portal |
| 19:28 | Rod of Necromancy |
| 19:28 | Rod of Necromancy |
| 20:03 | Nerubian Tower |
| 20:05 | Ziggurat |
| 20:21 | Scroll of Healing |
| 20:22 | Scroll of Town Portal |
| 21:11 | Death Coil |
| 22:15 | Frost Wyrm |
| 22:27 | Rod of Necromancy |
| 22:29 | Ritual Dagger |
| 22:41 | Crypt Fiend |
| 22:46 | Frost Wyrm |
| 23:09 | Unholy Aura |
| 23:31 | Necropolis |
| 24:38 | Crypt Fiend |
| 24:39 | Frost Wyrm |
| 24:57 | Spirit Tower |
| 25:36 | Crypt Fiend |
| 25:44 | Acolyte |
| 26:12 | Necropolis |
| Right click | 2019 |
| Select group | 1730 |
| Select | 687 |
| Assign group | 175 |
| Build/train/purchase | 141 |
| Misc. action | 100 |
| Use ability | 64 |
| Chat | 45 |
| Minimap ping | 36 |
| Item give/drop | 5 |
| Esc | 2 |


| Boots of Speed | 1 | 250 |
| Orb of Darkness | 1 | 600 |
| total: | 2 | 850g |
| Peon | 12 | 900 | / | 0 |
| Grunt | 7 | 1400 | / | 0 |
| Troll Headhunter | 3 | 420 | / | 60 |
| Spirit Walker | 1 | 195 | / | 35 |
| Tauren | 5 | 1400 | / | 400 |
| Shaman | 4 | 520 | / | 80 |
| Troll Witch Doctor | 2 | 290 | / | 50 |
| Demolisher | 3 | 660 | / | 150 |
| total: | 37 | 5785g | / | 775w |
| Watch Tower | 3 | 330 | / | 240 |
| Altar of Storms | 1 | 180 | / | 50 |
| Orc Burrow | 8 | 1280 | / | 320 |
| Barracks | 1 | 180 | / | 50 |
| Voodoo Lounge | 1 | 130 | / | 30 |
| War Mill | 1 | 205 | / | 0 |
| Great Hall | 2 | 770 | / | 370 |
| Tauren Totem | 1 | 135 | / | 155 |
| Spirit Lodge | 1 | 150 | / | 150 |
| Stronghold | 1 | 315 | / | 190 |
| Fortress | 1 | 325 | / | 190 |
| total: | 19 | 3360g | / | 1365w |
| 0:11 | Peon |
| 0:12 | Peon |
| 0:17 | Altar of Storms |
| 0:23 | Orc Burrow |
| 0:42 | Peon |
| 1:01 | Peon |
| 1:15 | Barracks |
| 1:44 | Peon |
| 1:45 | Peon |
| 1:49 | Orc Burrow |
| 2:09 | Peon |
| 2:15 | Voodoo Lounge |
| 2:21 | Critical Strike |
| 2:24 | Grunt |
| 2:28 | Peon |
| 2:52 | War Mill |
| 3:30 | Grunt |
| 3:42 | Orc Burrow |
| 3:54 | Stronghold |
| 4:15 | Troll Headhunter |
| 4:15 | Troll Headhunter |
| 4:25 | Grunt |
| 4:49 | Orc Burrow |
| 5:38 | Grunt |
| 5:48 | Steel Melee Weapons |
| 5:48 | Steel Armor |
| 5:52 | Wind Walk |
| 6:13 | Orc Burrow |
| 6:38 | Grunt |
| 6:39 | Berserker Strength |
| 7:20 | Great Hall |
| 8:07 | Great Hall |
| 8:50 | Troll Headhunter |
| 8:51 | Grunt |
| 8:52 | Fortress |
| 9:24 | Tauren Totem |
| 9:27 | Spirit Lodge |
| 9:43 | Healing Wave |
| 9:52 | Spiked Barricades |
| 10:22 | Mirror Image |
| 10:49 | Peon |
| 10:49 | Peon |
| 10:49 | Peon |
| 10:50 | Peon |
| 11:00 | Orc Burrow |
| 11:10 | Spirit Walker |
| 11:16 | Tauren |
| 11:28 | Boots of Speed |
| 12:23 | Shaman |
| 12:24 | Shaman Adept Training |
| 12:25 | Shaman |
| 12:27 | Grunt |
| 12:40 | Orb of Darkness |
| 13:20 | Witch Doctor Adept Training |
| 13:22 | Pulverize |
| 13:22 | Tauren |
| 13:22 | Tauren |
| 14:57 | Shaman Master Training |
| 14:57 | Shaman |
| 14:58 | Shaman |
| 15:02 | Orc Burrow |
| 15:03 | Orc Burrow |
| 15:23 | Thorium Armor |
| 15:27 | Thorium Melee Weapons |
| 15:30 | Troll Witch Doctor |
| 16:56 | Berserker Upgrade |
| 16:56 | Troll Regeneration |
| 16:57 | Demolisher |
| 16:57 | Demolisher |
| 17:01 | Demolisher |
| 17:01 | Burning Oil |
| 17:36 | Watch Tower |
| 17:37 | Watch Tower |
| 17:38 | Watch Tower |
| 19:16 | Serpent Ward |
| 19:48 | Tauren |
| 19:48 | Tauren |
| 19:50 | Witch Doctor Master Training |
| 19:53 | Troll Witch Doctor |
| 22:21 | Wind Walk |
| Right click | 541 |
| Select | 204 |
| Select group | 155 |
| Build/train/purchase | 74 |
| Assign group | 17 |
| Use ability | 10 |
| Remove unit | 4 |
| Resource trade | 4 |
| Item give/drop | 1 |
| Minimap ping | 1 |

| Peon | 15 | 1125 | / | 0 |
| Grunt | 4 | 800 | / | 0 |
| Wind Rider | 3 | 795 | / | 120 |
| Troll Headhunter | 5 | 700 | / | 100 |
| Raider | 5 | 900 | / | 200 |
| Demolisher | 10 | 2200 | / | 500 |
| Shaman | 2 | 260 | / | 40 |
| Tauren | 1 | 280 | / | 80 |
| total: | 45 | 7060g | / | 1040w |
| Watch Tower | 3 | 330 | / | 240 |
| Barracks | 1 | 180 | / | 50 |
| Altar of Storms | 1 | 180 | / | 50 |
| Orc Burrow | 6 | 960 | / | 240 |
| War Mill | 1 | 205 | / | 0 |
| Voodoo Lounge | 1 | 130 | / | 30 |
| Great Hall | 2 | 770 | / | 370 |
| Beastiary | 2 | 290 | / | 280 |
| Spirit Lodge | 1 | 150 | / | 150 |
| Tauren Totem | 1 | 135 | / | 155 |
| Stronghold | 1 | 315 | / | 190 |
| Fortress | 1 | 325 | / | 190 |
| total: | 19 | 3330g | / | 1565w |
| 0:04 | Peon |
| 0:04 | Peon |
| 0:10 | Barracks |
| 0:15 | Peon |
| 0:20 | Altar of Storms |
| 0:38 | Orc Burrow |
| 0:48 | Peon |
| 1:01 | Peon |
| 1:32 | Grunt |
| 1:37 | Orc Burrow |
| 1:52 | Peon |
| 2:03 | Peon |
| 2:30 | Orc Burrow |
| 2:33 | Grunt |
| 2:42 | Healing Wave |
| 2:56 | Stronghold |
| 3:18 | Grunt |
| 3:40 | War Mill |
| 3:57 | Grunt |
| 4:53 | Orc Burrow |
| 4:59 | Voodoo Lounge |
| 5:16 | Hex |
| 5:42 | Steel Melee Weapons |
| 5:54 | Beastiary |
| 6:01 | Beastiary |
| 7:06 | Wind Rider |
| 7:06 | Wind Rider |
| 7:12 | Watch Tower |
| 7:16 | Watch Tower |
| 7:21 | Watch Tower |
| 8:04 | Healing Wave |
| 9:10 | Great Hall |
| 9:15 | Wind Rider |
| 9:19 | Troll Headhunter |
| 9:47 | Raider |
| 9:47 | Raider |
| 10:03 | Troll Headhunter |
| 10:03 | Troll Headhunter |
| 10:08 | Fortress |
| 11:28 | Raider |
| 11:38 | Spirit Lodge |
| 11:55 | Orc Burrow |
| 11:59 | Orc Burrow |
| 12:34 | Burning Oil |
| 12:37 | Demolisher |
| 12:39 | Demolisher |
| 12:44 | Peon |
| 12:44 | Peon |
| 12:44 | Peon |
| 12:44 | Peon |
| 12:44 | Peon |
| 12:44 | Peon |
| 14:12 | Shaman |
| 14:12 | Shaman |
| 14:16 | Demolisher |
| 14:17 | Demolisher |
| 14:31 | Spiked Barricades |
| 15:24 | Great Hall |
| 16:38 | Demolisher |
| 16:44 | Thorium Melee Weapons |
| 16:44 | Steel Ranged Weapons |
| 17:52 | Demolisher |
| 17:52 | Demolisher |
| 18:07 | Tauren Totem |
| 18:12 | Peon |
| 18:13 | Peon |
| 19:26 | Raider |
| 20:13 | Troll Headhunter |
| 20:14 | Troll Headhunter |
| 21:14 | Demolisher |
| 21:14 | Demolisher |
| 21:14 | Demolisher |
| 21:17 | Raider |
| 21:27 | Tauren |
| Right click | 527 |
| Select | 279 |
| Build/train/purchase | 56 |
| Use ability | 18 |
| Minimap ping | 6 |
| Misc. action | 4 |
| Remove unit | 4 |


| Scroll of Regeneration | 6 | 600 |
| Lesser Clarity Potion | 6 | 420 |
| Potion of Healing | 3 | 450 |
| Scroll of Town Portal | 8 | 2800 |
| total: | 23 | 4270g |
| Peasant | 30 | 2250 | / | 0 |
| Rifleman | 14 | 2870 | / | 420 |
| Shaman | 3 | 390 | / | 60 |
| Troll Witch Doctor | 1 | 145 | / | 25 |
| total: | 48 | 5655g | / | 505w |
| Scout Tower | 3 | 90 | / | 60 |
| Guard Tower | 2 | 140 | / | 100 |
| Arcane Tower | 1 | 70 | / | 50 |
| Altar of Kings | 1 | 180 | / | 50 |
| Farm | 8 | 640 | / | 160 |
| Arcane Vault | 1 | 130 | / | 30 |
| Lumber Mill | 1 | 120 | / | 0 |
| Barracks | 2 | 320 | / | 120 |
| Blacksmith | 1 | 140 | / | 60 |
| Town Hall | 2 | 770 | / | 410 |
| Keep | 2 | 640 | / | 420 |
| Castle | 1 | 360 | / | 210 |
| Spirit Lodge | 2 | 300 | / | 300 |
| total: | 21 | 2690g | / | 1190w |
| 0:02 | Altar of Kings |
| 0:03 | Peasant |
| 0:03 | Peasant |
| 0:26 | Farm |
| 0:51 | Arcane Vault |
| 1:04 | Lumber Mill |
| 1:10 | Peasant |
| 1:18 | Blizzard |
| 1:20 | Peasant |
| 1:41 | Farm |
| 1:43 | Farm |
| 2:02 | Peasant |
| 2:02 | Peasant |
| 2:03 | Peasant |
| 2:06 | Scroll of Regeneration |
| 2:41 | Summon Water Elemental |
| 2:49 | Peasant |
| 2:49 | Peasant |
| 2:49 | Peasant |
| 2:55 | Peasant |
| 2:57 | Lesser Clarity Potion |
| 3:01 | Scroll of Regeneration |
| 3:19 | Barracks |
| 3:41 | Barracks |
| 3:42 | Peasant |
| 4:16 | Blacksmith |
| 4:19 | Farm |
| 4:21 | Farm |
| 4:28 | Scroll of Regeneration |
| 4:28 | Lesser Clarity Potion |
| 4:42 | Farm |
| 5:22 | Farm |
| 5:44 | Keep |
| 5:46 | Scroll of Regeneration |
| 5:46 | Lesser Clarity Potion |
| 6:01 | Rifleman |
| 6:32 | Rifleman |
| 6:33 | Rifleman |
| 6:44 | Lesser Clarity Potion |
| 7:27 | Blizzard |
| 8:01 | Town Hall |
| 8:10 | Scroll of Regeneration |
| 8:11 | Scroll of Town Portal |
| 9:13 | Lesser Clarity Potion |
| 9:42 | Scroll of Town Portal |
| 9:42 | Scroll of Town Portal |
| 9:42 | Scroll of Town Portal |
| 9:54 | Rifleman |
| 10:20 | Rifleman |
| 10:32 | Holy Light |
| 10:47 | Rifleman |
| 10:50 | Improved Lumber Harvesting |
| 10:51 | Peasant |
| 10:51 | Peasant |
| 10:51 | Peasant |
| 10:51 | Peasant |
| 11:45 | Rifleman |
| 11:46 | Black Gunpowder |
| 11:48 | Peasant |
| 11:48 | Peasant |
| 11:48 | Peasant |
| 11:50 | Peasant |
| 11:52 | Farm |
| 12:07 | Peasant |
| 12:10 | Scout Tower |
| 12:13 | Scout Tower |
| 12:16 | Scout Tower |
| 12:36 | Peasant |
| 12:50 | Guard Tower |
| 13:22 | Refined Gunpowder |
| 13:32 | Scroll of Town Portal |
| 13:33 | Potion of Healing |
| 13:34 | Scroll of Town Portal |
| 13:35 | Potion of Healing |
| 13:38 | Rifleman |
| 14:08 | Long Rifles |
| 14:10 | Studded Leather Armor |
| 15:56 | Rifleman |
| 16:03 | Reinforced Leather Armor |
| 16:05 | Castle |
| 16:07 | Scroll of Regeneration |
| 16:07 | Scroll of Town Portal |
| 16:45 | Peasant |
| 17:00 | Guard Tower |
| 17:01 | Arcane Tower |
| 17:53 | Potion of Healing |
| 17:54 | Rifleman |
| 18:39 | Imbued Gunpowder |
| 18:40 | Dragonhide Armor |
| 18:41 | Rifleman |
| 19:10 | Peasant |
| 19:10 | Peasant |
| 19:22 | Peasant |
| 19:22 | Peasant |
| 19:22 | Peasant |
| 19:22 | Peasant |
| 19:22 | Peasant |
| 20:58 | Rifleman |
| 20:58 | Rifleman |
| 21:34 | Scroll of Town Portal |
| 22:48 | Summon Water Elemental |
| 22:51 | Divine Shield |
| 23:31 | Lesser Clarity Potion |
| 23:55 | Town Hall |
| 24:13 | Spirit Lodge |
| 24:14 | Spirit Lodge |
| 24:19 | Steel Melee Weapons |
| 24:24 | Shaman |
| 24:24 | Shaman |
| 24:25 | Shaman |
| 24:26 | Troll Witch Doctor |
| 25:46 | Rifleman |
| 27:05 | Holy Light |
| 27:30 | Blizzard |
| Right click | 1214 |
| Select | 687 |
| Build/train/purchase | 137 |
| Select group | 121 |
| Use ability | 59 |
| Chat | 26 |
| Assign group | 18 |
| Remove unit | 4 |
| Resource trade | 4 |
| Item give/drop | 2 |
| Minimap ping | 2 |
⇛